 Dungeon Crawl Stone Soup version 0.30.1-11-g7821555f0a (webtiles) character file.

Game seed: 7361213559970252848

5382 ChrisAssaf the Chiller (level 10, 0/63 HPs)
             Began as a Demonspawn Ice Elementalist on Dec 13, 2023.
             Was a Priest of Hepliaklqana.
             Slain by an orc warrior
             ... wielding a +0 scimitar
              (9 damage)
             ... on level 9 of the Dungeon.
             The game lasted 00:30:37 (7992 turns).

ChrisAssaf the Chiller (DsIE)                       Turns: 7992, Time: 00:30:39

Health: 0/63       AC:  6    Str: 15    XL:     10   Next: 39%
Magic:  17/17      EV: 19    Int: 17    God:    Hepliaklqana [***...]
Gold:   358        SH:  4    Dex: 21    Spells: 12/18 levels left

rFire   + . .        E - +4 lajatang (spect)
rCold   . . .        (shield currently unavailable)
rNeg    . . .        p - +2 robe {rF+}
rPois   +            (helmet restricted)
rElec   .            g - +1 cloak
rCorr   .            (no gloves)
SInv    .            (no boots)
Will    .....        (no amulet)
Stlth   ++++         v - ring of poison resistance
HPRegen 0.30/turn    n - +6 ring of dexterity
MPRegen 0.15/turn

%: no passive effects
@: agile, freezing walls
A: reduced essence, horns 1, thin skeletal structure 1, powered by pain 1,
condensation shield, strong 1
a: Renounce Religion, Recall Ancestor, Ancestor Identity, Transference


You were on level 9 of the Dungeon.
You worshipped Hepliaklqana.
Hepliaklqana was most pleased with you.
You visited 1 branch of the dungeon, and saw 9 of its levels.

You collected 407 gold pieces.
You spent 49 gold pieces at shops.

Inventory:

Hand Weapons
 j - the +6 hammer "Qasecru" {speed, rCorr Str+2}
   (You found it on level 3 of the Dungeon)

   Str:       It affects your strength (+2).
   rCorr:     It protects you from acid and corrosion.
 A - a +0 long sword of chaos
 E - a +4 spectral lajatang (weapon)
Missiles
 i - a throwing net
 y - 3 boomerangs (quivered)
Armour
 g - a +1 cloak (worn)
 p - a +2 robe of fire resistance (worn)
Jewellery
 c - a ring of fire
 l - a ring of protection from cold
 n - a +6 ring of dexterity (right hand)
 v - a ring of poison resistance (left hand)
 C - a ring of willpower
Wands
 h - a wand of light (1)
 x - a wand of charming (22)
 z - a wand of iceblast (4)
Scrolls
 b - 2 scrolls of vulnerability
 e - 2 scrolls of immolation
 f - a scroll of fear {unknown}
 k - 2 scrolls of teleportation
 u - 2 scrolls of magic mapping
 D - a scroll of brand weapon
Potions
 a - 2 potions of haste
 d - a potion of cancellation
 m - a potion of magic
 o - 5 potions of curing
 q - a potion of heal wounds
 r - a potion of degeneration
 s - 3 potions of might
 t - a potion of ambrosia
 w - 5 potions of lignification
 B - a potion of flight
 F - a potion of attraction {unknown}


   Skills:
 * Level 3.7 Fighting
 * Level 4.9(5.0) Maces & Flails
 * Level 1.3(3.3) Staves
 * Level 3.6 Ranged Weapons
 * Level 3.2 Throwing
 * Level 3.4 Armour
 * Level 3.9 Dodging
 * Level 4.4 Stealth
 * Level 3.2 Shields
 * Level 4.9 Spellcasting
 * Level 2.6 Summonings
 * Level 3.0 Necromancy
 * Level 5.9 Ice Magic
 * Level 3.8 Invocations
 * Level 3.4 Evocations


You had 12 spell levels left.
You knew the following spells:

 Your Spells              Type           Power      Damage    Failure   Level
a - Freeze                Ice            96%        1d10      1%          1
b - Frozen Ramparts       Ice            48%        1d8       3%          3
c - Necrotise             Necr           56%        1d6       4%          1
d - Summon Small Mammal   Summ           52%        N/A       4%          1

Your spell library contained the following spells:

 Spells                   Type           Power      Damage    Failure   Level
 Ozocubu's Armour         Ice            24%        N/A       3%          3
 Apportation              Tloc           8%         N/A       14%         1
 Shock                    Conj/Air       16%        1d4       14%         1
 Summon Ice Beast         Ice/Summ       18%        N/A       24%         4
 Swiftness                Air            4%         N/A       41%         3
 Airstrike                Air            2%         2d(1-17)  82%         4


Dungeon Overview and Level Annotations

Branches:
Dungeon (9/15)             Temple (0/1) D:7            Lair (0/5) D:9
    Orc: D:9-12

Altars:
Dithmenos
Fedhas
Hepliaklqana
Kikubaaqudgha
Makhleb
Ru
Trog
Xom

Shops:
D:6 (


Innate Abilities, Weirdness & Mutations

Your life essence is reduced to manifest your ancestor. (-10% HP)
You have a pair of small horns on your head.
You have a somewhat thin skeletal structure. (Dex +2, Stealth+)
You sometimes gain a little power by taking damage.
A meltable shield of frost defends you. (SH +4)
Your muscles are strong. (Str +4, Int/Dex -1)


Message History

The wall freezes the orc warrior but does no damage.
Your Necromancy skill increases to level 3!
You hit the orc warrior.
The orc warrior is lightly wounded.
Your +4 spectral lajatang barely misses the orc warrior.
The wall freezes the yak but does no damage.
The wall freezes the orc warrior but does no damage.
The orc warrior hits you with a +0 scimitar!!
You focus on the pain.
You feel your power returning.
The orc wizard casts a spell.
The orc wizard flickers and vanishes!
Deactivating autopickup; reactivate with Ctrl-A.
You hear a bellow!
You hit the orc warrior.
The orc warrior is moderately wounded.
Your +4 spectral lajatang barely misses the orc warrior.
A yak comes into view.
The wall freezes the yak but does no damage.
An orc comes into view. It is wielding a +0 hand axe.
The wall freezes the yak.
The wall freezes the orc warrior.
You block the orc warrior's attack.
You hit the yak but do no damage.
The yak is lightly wounded.
Your +4 spectral lajatang closely misses the yak.
The wall freezes the orc warrior but does no damage.
The wall freezes the yak.
The yak gores you.
The wall freezes something.
You barely miss the yak.
The yak is lightly wounded.
Your +4 spectral lajatang hits the yak!
The wall freezes the yak. x2
The yak gores you!
You focus on the pain.
You feel agile all of a sudden.
The wall freezes the yak but does no damage.
The yak completely misses you.
The wall freezes the orc warrior.
The orc warrior hits you with a +0 scimitar!
* * * LOW HITPOINT WARNING * * *
An orc comes into view. It is wielding a +0 short sword.
The wall freezes the yak.
You block the yak's attack.
The wall freezes the orc warrior but does no damage.
The orc warrior hits you with a +0 scimitar!
You die...

## #.## 8
##################...#..
....................o..o
.................)......
................oYY)....
................@#
...............(Y#
................Y#
.....................
......................
.###..................
#####.................
#####................Y
#####........###......


You could see 4 yaks, an orc warrior, 2 orcs and a friendly +4 spectral
lajatang.

Vanquished Creatures
  9 yaks
  Eustachio (D:4)
  A steam dragon (D:8)
  Edmund (D:5)
  A water moccasin (D:5)
  2 orc warriors
  2 black bears
  An ice beast (D:8)
  An ogre (D:4)
  A phantom (D:5)
  3 scorpions (D:5)
  4 killer bees (D:7)
  2 howler monkeys
  2 jellies (D:6)
  4 hounds
  3 orc priests
  Crazy Yiuf (D:3)
  4 sleepcaps
  2 iguanas
  5 orc wizards
  Ijyb (D:5)
  Robin (D:2)
  3 adders
  9 gnolls
  2 white imps
  An ufetubus (D:5)
  3 worms
  26 orcs
  3 bats
  3 endoplasms
  3 giant cockroaches
  19 goblins
  7 hobgoblins
  4 jackals (D:1)
  3 quokkas
  4 ball pythons
  2 frilled lizards
  15 kobolds
  4 rats
163 creatures vanquished.

Vanquished Creatures (collateral kills)
  6 yaks
  A steam dragon (D:9)
  A water moccasin (D:7)
  A sky beast (D:7)
  An ogre (D:7)
  3 kobold brigands
  A howler monkey (D:9)
  A hound (D:6)
  2 orc priests
  A gnoll bouda (D:8)
  A sleepcap (D:6)
  2 orc wizards (D:9)
  2 gnolls (D:8)
  5 orcs
  2 bats (D:1)
  8 kobolds
  A rat (D:1)
39 creatures vanquished.

Vanquished Creatures (others)
  A jelly (D:8)
  A battlemage (D:9)
2 creatures vanquished.

Grand Total: 204 creatures vanquished

Notes
Turn   | Place    | Note
-------+----------+-------------------------------------------
     0 | D:1      | ChrisAssaf the Demonspawn Ice Elementalist began the quest
                  | for the Orb.
     0 | D:1      | Reached XP level 1. HP: 13/13 MP: 3/3
   260 | D:1      | Gained mutation: A meltable shield of frost defends you.
                  | (SH +4) [demonic ancestry]
   260 | D:1      | Reached XP level 2. HP: 16/20 MP: 1/5
   380 | D:2      | Noticed Robin
   394 | D:2      | Reached skill level 4 in Ice Magic
   530 | D:2      | Reached XP level 3. HP: 22/25 MP: 0/6
   571 | D:2      | Learned a level 3 spell: Frozen Ramparts
   917 | D:3      | Found a runed translucent door.
   918 | D:3      | Noticed Crazy Yiuf
   943 | D:3      | Killed Crazy Yiuf
   944 | D:3      | Reached XP level 4. HP: 21/31 MP: 1/7
   965 | D:3      | Identified the +6 hammer "Qasecru" {speed, rCorr Str+2}
  1069 | D:4      | Reached skill level 1 in Fighting
  1091 | D:4      | Noticed an ogre
  1101 | D:4      | Killed an ogre
  1102 | D:4      | Reached skill level 1 in Ranged Weapons
  1102 | D:4      | Reached XP level 5. HP: 37/37 MP: 0/9
  1105 | D:4      | Noticed Eustachio
  1218 | D:4      | Reached skill level 1 in Armour
  1251 | D:4      | Killed Eustachio
  1252 | D:4      | Reached skill level 1 in Maces & Flails
  1252 | D:4      | Reached skill level 1 in Shields
  1252 | D:4      | Reached XP level 6. HP: 41/43 MP: 3/10
  1338 | D:5      | Entered Level 5 of the Dungeon
  1365 | D:5      | Reached skill level 1 in Throwing
  1449 | D:5      | Gained mutation: You have a pair of small horns on your
                  | head. [demonic ancestry]
  1449 | D:5      | Reached XP level 7. HP: 31/49 MP: 5/11
  1646 | D:5      | Reached skill level 1 in Evocations
  1858 | D:5      | Noticed Ijyb
  1864 | D:5      | Killed Ijyb
  1871 | D:5      | Reached skill level 5 in Ice Magic
  1992 | D:5      | Noticed Edmund
  2009 | D:5      | Killed Edmund
  2010 | D:5      | Gained mutation: You sometimes gain a little power by
                  | taking damage. [demonic ancestry]
  2010 | D:5      | Reached XP level 8. HP: 21/56 MP: 3/13
  2369 | D:4      | Found a shimmering altar of Xom.
  2371 | D:4      | Found a hazy altar of Hepliaklqana.
  2372 | D:4      | Noticed a spectral ugly thing
  2433 | D:4      | Became a worshipper of Hepliaklqana the Forgotten
  2577 | D:4      | Learned a level 1 spell: Necrotise
  3206 | D:3      | Found a bloodstained altar of Trog.
  3206 | D:3      | Found a blossoming altar of Fedhas.
  3207 | D:3      | Found an ancient bone altar of Kikubaaqudgha.
  3396 | D:2      | Killed Robin
  3779 | D:1      | Reached * piety under Hepliaklqana
  4019 | D:1      | Reached skill level 1 in Necromancy
  4304 | D:6      | Reached skill level 1 in Invocations
  4316 | D:6      | Learned a level 1 spell: Summon Small Mammal
  4717 | D:6      | Gained mutation: Your muscles are strong. (Str +4, Int/Dex
                  | -1) [potion of mutation]
  4830 | D:6      | Found a burning altar of Makhleb.
  5305 | D:6      | Found a shadowy altar of Dithmenos.
  5387 | D:6      | Found Haukeq's Weapon Shop.
  5390 | D:6      | Bought a +0 long sword for 49 gold pieces
  5926 | D:7      | Reached ** piety under Hepliaklqana
  5927 | D:7      | Remembered your ancestor Panmasi as a battlemage
  6015 | D:7      | Reached XP level 9. HP: 52/55 MP: 15/15
  6017 | D:7      | Reached skill level 1 in Summonings
  6142 | D:7      | Found a staircase to the Ecumenical Temple.
  6296 | D:7      | Found a sacrificial altar of Ru.
  7479 | D:8      | Reached *** piety under Hepliaklqana
  7631 | D:9      | Found a staircase to the Lair.
  7659 | D:9      | Gained mutation: You have a somewhat thin skeletal
                  | structure. (Dex +2, Stealth+) [demonic ancestry]
  7659 | D:9      | Reached XP level 10. HP: 63/63 MP: 16/16
  7788 | D:9      | Reached skill level 1 in Staves
  7992 | D:9      | Slain by an orc warrior

Illustrated notes

Levels and vault maps discovered:
D:1:      amcnicky_arrival_flooded_fountain, layout_basic, minmay_tromino_i2
D:2:      layout_rooms, basic_altar, uniq_robin
D:3:      layout_basic, chequers_temple_overflow_statue_of_worship,
          chequers_hall_statues_y, minmay_goblin_outpost,
          uniq_crazy_yiuf_cottage
D:4:      layout_rooms, regret_index_temple_of_mockery, uniq_eustachio
D:5:      layout_basic, uniq_ijyb, uniq_edmund
D:6:      layout_layer_cave, grunt_dithmenos_smoke,
          lemuel_coloured_pillars_altar, serial_shops, kennysheep_mini_moat
D:7:      layout_cave_pods, mainiacjoe_overflow_alcove_4,
          minmay_temple_entry_water_ring
D:8:      layout_loops_ring
D:9:      layout_big_octagon, david_orc_4, wad_hexagon, uniq_amaemon,
          uniq_erolcha

Skill      XL: |  1  2  3  4  5  6  7  8  9 10 |
---------------+-------------------------------+-----
Ice Magic      | 4 5 |  5.9
Stealth        | 2 3 4 |  4.4
Dodging        | 2 3 |  3.9
Fighting       | 1 2 3 |  3.7
Ranged Weapons | 1 2 3 |  3.6
Armour         | 1 2 3 |  3.4
Maces & Flails | 1 2 3 4 |  4.9
Shields        | 1 2 3 |  3.2
Spellcasting   | 3 4 |  4.9
Throwing       | 1 2 3 |  3.2
Evocations     | 1 2 3 |  3.4
Necromancy     | 1 2 3 |  3.0
Invocations    | 1 3 |  3.8
Summonings     | 2 |  2.6
Staves         | 1 |  1.3

Action                     |  1- 3 |  4- 6 |  7- 9 | 10-12 || total
---------------------------+-------+-------+-------+-------++-------
  Melee: Unarmed           |     1 |       |       |       ||     1
         Mace              |       |    71 |   166 |       ||   237
         Punch             |       |     1 |     2 |       ||     3
         Headbutt          |       |       |    47 |     3 ||    50
         Lajatang          |       |       |     4 |    27 ||    31
   Fire: Sling             |    24 |       |       |       ||    24
  Throw: Boomerang         |       |       |     6 |     3 ||     9
   Cast: Freeze            |    42 |     7 |    23 |       ||    72
         Frozen Ramparts   |     2 |     7 |    22 |     4 ||    35
         Necrotise         |       |       |     2 |     1 ||     3
 Invoke: Ancestor Life: Ba |       |       |     1 |       ||     1
         Ancestor Identity |       |       |     1 |       ||     1
  Evoke: Wand              |       |       |     4 |     4 ||     8
    Use: Scroll            |     6 |     2 |    10 |     2 ||    20
         Potion            |     3 |     4 |     1 |     2 ||    10
   Stab: Sleeping          |       |     2 |     4 |       ||     6
         Invisible         |       |       |     2 |       ||     2
         Distracted        |       |       |     1 |       ||     1
 Armour: Robe              |     3 |    22 |    39 |    12 ||    76
  Dodge: Dodged            |    28 |    53 |   120 |    29 ||   230
  Block: Other             |     4 |    14 |    35 |     9 ||    62
